 Dungeon Sprint DCSS version 0.20-a0-792-g09bcfd3 (webtiles) character file.

0 esc the Cudgeler (level 2, -1/19 HPs)
             Began as a Gargoyle Gladiator on Feb 28, 2017.
             Was an Initiate of Wu Jian.
             Slain by a killer bee (2 damage)
             ... in the Dungeon (Sprint VI: "Thunderdome").
             The game lasted 00:00:58 (40 turns).

esc the Cudgeler (Gargoyle Gladiator)                 Turns: 40, Time: 00:00:59

Health: -1/19      AC:  7    Str: 20    XL:     2   Next: 95%
Magic:  2/2        EV: 13    Int: 11    God:    Wu Jian [......]
Gold:   65         SH:  0    Dex: 14    Spells: 1/1 levels left

rFire    . . .     SeeInvis +   a - +0 flail
rCold    . . .     Gourm    .   b - +0 leather armour
rNeg     + + .     Faith    .   (no shield)
rPois    ∞         Spirit   .   c - +0 helmet
rElec    +         Reflect  .   (no cloak)
rCorr    .         Harm     .   (no gloves)
MR       +....     NoTele   +   (no boots)
Stlth    ++........             p - amulet "Ulularoo" {Inacc rPois MR+ Str-5 Int+3}
Regen    0.1/turn               r - ring of Ugomoh {*Contam rN+ Str+4 Dex+3}
MPRegen  0.1/turn               q - ring of Suilos {Str+4 SInv Stlth+}

@: exhausted, slowed, very slow
A: negative energy resistance 1, electricity resistance, unbreathing,
petrification resistance, rot immunity, AC +2
a: Renounce Religion


You were in the Dungeon.
You worshipped Wu Jian.
Wu Jian was noncommittal.
You were not hungry.

You visited 1 branch You collected 200 gold pieces.
You spent 135 gold pieces at shops.

Inventory:

Hand Weapons
 a - a +0 flail (weapon)
Missiles
 d - 3 throwing nets {=f, !d}
Armour
 b - a +0 leather armour (worn)
 c - a +0 helmet (worn)
Jewellery
 p - the amulet "Ulularoo" (around neck) {Inacc rPois MR+ Str-5 Int+3}
   (You bought it in a shop in the Dungeon)

   [amulet of inaccuracy]

   It reduces the accuracy of all your attacks.
   It affects your strength (-5).
   It affects your intelligence (+3).
   It protects you from poison.
   It affects your resistance to hostile enchantments.
 q - the ring of Suilos (left hand) {Str+4 SInv Stlth+}
   (You bought it in a shop in the Dungeon)

   [ring of see invisible]

   It affects your strength (+4).
   It lets you see invisible.
   It makes you more stealthy.
 r - the ring of Ugomoh (right hand) {*Contam rN+ Str+4 Dex+3}
   (You bought it in a shop in the Dungeon)

   [ring of positive energy]

   It affects your strength (+4).
   It affects your dexterity (+3).
   It protects you from negative energy.
   It causes magical contamination when unequipped.
Wands
 l - a wand of acid (5/15)
   (You found it in the Dungeon)
 m - a wand of iceblast (5/15)
   (You found it in the Dungeon)
Scrolls
 k - 4 scrolls of blinking {!r}
 n - 3 scrolls of fog
Potions
 e - a potion of curing
 g - 4 potions of heal wounds
 h - 4 potions of haste
 i - 2 potions of magic
 o - a potion of resistance
Comestibles
 f - a bread ration {@e1}


   Skills:
 + Level 3.6 Fighting
 + Level 4.0 Maces & Flails
 - Level 1.7 Throwing
 + Level 2.7 Armour
 + Level 3.3 Dodging


You had one spell level left.
You didn't know any spells.

Dungeon Overview and Level Annotations

Branches:
Dungeon (1/1)

Altars:
Cheibriados
Dithmenos
Fedhas
Kikubaaqudgha
Makhleb
Qazlal
Ru
Sif Muna
Uskayaw
Vehumet
Wu Jian
Xom
The Shining One

Shops:
D *[%?**[(


Innate Abilities, Weirdness & Mutations

You are resistant to torment.
Your stone body is resilient. (AC +2)
You are immune to poison.
You resist negative energy. (rN+)
You are resistant to electric shocks. (rElec)
You can survive without breathing.
You are immune to petrification.
You are immune to rotting.


Message History

You have entered the arena!
You will win if you kill everything that spawns (including allies).
If it is a boss round, you only need to kill the boss in order to win.
If it is a lightning round, you only need to survive!
Welcome, esc the Gargoyle Gladiator.
Found 200 gold pieces.
Found a staircase leading out of the dungeon.
l - a wand of acid (5/15);
m - a wand of iceblast (5/15)
k - 4 scrolls of blinking {!r} (gained 3)
n - 3 scrolls of fog;
h - 4 potions of haste (gained 3)
g - 4 potions of heal wounds (gained 3);
o - a potion of resistance You now have 200 gold pieces.
Found a shimmering altar of Xom and a snail-covered altar of Cheibriados.
Found a burning altar of Makhleb and a radiant altar of Vehumet.
Get ready!
Found two altars.
Found Kapryf Sagit's Bee Food and Doesk's Identification Station.
Found a glowing golden altar of the Shining One.
ROUND 1!
FIGHT!
You sense a tension in the south.
Found Waza's Jewellery and Cachyex's Advanced Armour.
There is an ornate altar of the Wu Jian Council here.
You kneel at the altar of Wu Jian.
The Council welcomes you!
There is an entrance to Waza's Jewellery here.
p - a warped zirconium amulet;
q - a pitted pewter ring
r - a serpentine glass ring Thank you for shopping at Waza's Jewellery!
Put on which piece of jewellery? (? for menu, Esc to quit)
You feel weaker.
You feel clever.
p - the amulet "Ulularoo" (around neck) {Inacc rPois MR+ Str-5 Int+3}
Okay, then.
Put on which piece of jewellery? (? for menu, Esc to quit)
You feel stronger.
q - the ring of Suilos (left hand) {Str+4 SInv Stlth+} Put on which piece of jewellery? (? for menu, Esc to quit)
You feel stronger.
You feel agile.
You feel a build-up of mutagenic energy.
r - the ring of Ugomoh (right hand) {*Contam rN+ Str+4 Dex+3} A worker ant comes into view.
Okay, then.
Really quaff
j - a potion of berserk rage {!q}?
A red film seems to cover your vision as you go berserk!
You feel yourself moving faster!
You feel mighty! The worker ant barely misses you.
You now have 18/18 hp.
You closely miss the worker ant. The worker ant bites you.
You take 4 damage, and have 14/18 hp.
MASSIVE DAMAGE!!
You sock the worker ant! The worker ant barely misses you.
You hit the worker ant.
The worker ant bites you but does no damage.
You miss the worker ant. The worker ant barely misses you.
You completely miss the worker ant. The worker ant bites you.
You take 4 damage, and have 11/18 hp.
MASSIVE DAMAGE!!
You bludgeon the worker ant!!
You kill the worker ant!
The Council accepts your kill.
Your Fighting skill increases to level 3!
Your Maces & Flails skill increases to level 4!
Your Armour skill gained 2 levels and is now at level 2!
Your Dodging skill increases to level 3!
You have reached level 2!
You regained 6 hp, and now have 17/28 hp.
MP restored: 2 Unknown command.
Found a deep blue altar of Sif Muna.
You feel a strong urge to attack something.
You feel your anger subside.
You are no longer berserk.
You are exhausted.
You feel yourself slow down.
Found a sacrificial altar of Ru.
You now have 12/19 hp.
A worker ant comes into view.
The worker ant twitches its antennae in your direction.
Found Ysholays's Premium Goods.
Found a hide-covered altar of Uskayaw.
Found Qacvul's Miscellaneous Merchandise and Copum's Basic Armour.
A killer bee comes into view.
Found Soucerir's Weapon Rack.
Found three altars.
The worker ant closely misses you.
A queen ant comes into view.
The killer bee misses you. The killer bee stings you.
The killer bee misses you.
You take 6 damage, and have 7/19 hp.
MASSIVE DAMAGE!!
You completely miss the killer bee. The killer bee misses you. x2
The killer bee stings you.
* * * LOW HITPOINT WARNING * * *
You take 6 damage, and have 1/19 hp.
MASSIVE DAMAGE!!
You are too injured to fight recklessly!
There are monsters nearby!
The killer bee stings you.
You die...

###.........###
#⌠........ ..⌠#
######.8...... ..8.#
##∩___......# .....
###∩........8.# .8...
##.............###.....
#⌠..........###...#
#⌠..........# #.<.#
#⌠..........###@..#
##...........ay###.....
###∩........8.# .8...
##∩__.......###......
######.8..a......8.#
#⌠...........⌠#
###.........###
#_......._ #_...a..._


You could see a queen ant (wandering), a worker ant and a killer bee.

Vanquished Creatures
  A worker ant (D)
1 creature vanquished.

Notes
Turn   | Place    | Note
-------+----------+-------------------------------------------
     0 | D        | esc the Gargoyle Gladiator began the quest for the Orb.
     0 | D        | Reached XP level 1. HP: 12/12 MP: 1/1
     1 | D        | Found a shimmering altar of Xom.
     1 | D        | Found a snail-covered altar of Cheibriados.
     2 | D        | Found a burning altar of Makhleb.
     2 | D        | Found a radiant altar of Vehumet.
     3 | D        | Found an ornate altar of the Wu Jian Council.
     3 | D        | Found an ancient bone altar of Kikubaaqudgha.
     4 | D        | Found Kapryf Sagit's Bee Food.
     4 | D        | Found a glowing golden altar of the Shining One.
     4 | D        | Found Doesk's Identification Station.
     5 | D        | Found Waza's Jewellery.
     5 | D        | Found Cachyex's Advanced Armour.
     5 | D        | Round 1.
    12 | D        | Became a worshipper of the Wu Jian Council
    15 | D        | Bought a warped zirconium amulet for 45 gold pieces
    15 | D        | Bought a pitted pewter ring for 45 gold pieces
    15 | D        | Bought a serpentine glass ring for 45 gold pieces
    15 | D        | Identified the amulet "Ulularoo" {Inacc rPois MR+ Str-5 Int+3} (You bought it in a shop in the Dungeon)
    16 | D        | Identified the ring of Suilos {Str+4 SInv Stlth+} (You bought it in a shop in the Dungeon)
    17 | D        | Identified the ring of Ugomoh {*Contam rN+ Str+4 Dex+3} (You bought it in a shop in the Dungeon)
    18 | D        | Noticed a worker ant
    28 | D        | Killed a worker ant
    28 | D        | Reached skill level 3 in Fighting
    28 | D        | Reached skill level 4 in Maces & Flails
    28 | D        | Reached skill level 2 in Armour
    28 | D        | Reached skill level 3 in Dodging
    28 | D        | Reached XP level 2. HP: 17/19 MP: 2/2
    29 | D        | Found a deep blue altar of Sif Muna.
    32 | D        | Found a sacrificial altar of Ru.
    33 | D        | Found a hide-covered altar of Uskayaw.
    33 | D        | Found Ysholays's Premium Goods.
    34 | D        | Found Qacvul's Miscellaneous Merchandise.
    34 | D        | Found Copum's Basic Armour.
    35 | D        | Noticed a killer bee
    35 | D        | Found a blossoming altar of Fedhas.
    35 | D        | Found a shadowy altar of Dithmenos.
    35 | D        | Found a stormy altar of Qazlal.
    35 | D        | Found Soucerir's Weapon Rack.
    37 | D        | Noticed a queen ant
    39 | D        | HP: 1/19 [killer bee (6)]
    40 | D        | Slain by a killer bee

Vault maps used:
D:        arena_sprint

Skill      XL: |  1 |
---------------+----+-----
Fighting       | 3 |  3.6
Maces & Flails | 4 |  4.0
Armour         | 2 |  2.7
Dodging        | 3 |  3.3
Throwing       | |  1.7

Action                   || total
-------------------------++-------
Melee: Flail             ||     7
  Use: Potion            ||     1
Armor: Leather armour    ||     1
Dodge: Dodged            ||     8

Vault maps used:
D:        arena_sprint

Table legend:
 A = Turns spent in this place as a percentage of turns spent in the entire game.
 B = Non-inter-level travel turns spent in this place as a percentage of non-inter-level travel turns spent in the entire game.
 C = Inter-level travel turns spent in this place as a percentage of turns spent in this place.
 D = Turns resting spent in this place as a percentage of non-inter-level travel turns spent in this place.
 E = Turns spent auto-exploring this place as a percentage of non-inter-level travel turns spent in this place.
 F = Non-inter-level travel turns spent in this place divided by the number of levels of this place that you've seen.
                   A       B       C       D       E      F
               +-------+-------+-------+-------+-------+----------------------
         Total | 100.0 | 100.0 |   0.0 |   0.0 |   0.0 |  47.0
       Dungeon | 100.0 | 100.0 |   0.0 |   0.0 |   0.0 |  47.0
               +-------+-------+-------+-------+-------+----------------------

Table legend:
 A = Kills in this place as a percentage of kills in entire the game.
 B = Kills by you in this place as a percentage of kills by you in the entire game.
 C = Kills by friends in this place as a percentage of kills by friends in the entire game.
 D = Other kills in this place as a percentage of other kills in the entire game.
 E = Experience gained in this place as a percentage of experience gained in the entire game.
 F = Experience gained in this place divided by the number of levels of this place that you have seen.
                   A       B       C       D       E      F
               +-------+-------+-------+-------+-------+----------------------
         Total | 100.0 | 100.0 |  -nan |  -nan | 100.0 |  33.0
       Dungeon | 100.0 | 100.0 |  -nan |  -nan | 100.0 |  33.0
               +-------+-------+-------+-------+-------+----------------------
